 Dungeon Crawl Stone Soup version 0.31-a0-175-g9f7f995f2b (webtiles) character file.

Game seed: 6270530856263495023

190 qw the Shooter (level 5, -6/32 HPs)
             Began as a Gargoyle Hunter on June 16, 2023.
             Mangled by Grinder (8 damage)
             ... while paralysed by Grinder
             ... on level 3 of the Dungeon.
             The game lasted 00:01:17 (2183 turns).

qw the Shooter (Gargoyle Hunter)                    Turns: 2183, Time: 00:01:18

Health: -6/32      AC:  9    Str: 14    XL:     5   Next: 69%
Magic:  5/5        EV:  2    Int: 10    God:
Gold:   83         SH:  0    Dex: 15    Spells: 4/4 levels left

rFire   . . .        Y - +0 shortbow
rCold   . . .        (shield currently unavailable)
rNeg    + . .        i - +0 ring mail
rPois   inf          (no helmet)
rElec   +            (no cloak)
rCorr   .            (no gloves)
SInv    .            (no boots)
Will    .....        (no amulet)
Stlth   +            (no ring)
HPRegen 0.25/turn    (no ring)
MPRegen 0.09/turn

%: no passive effects
@: paralysed
A: sickness immunity, AC +4, negative energy resistance 1, electricity
resistance, torment resistance 1, petrification resistance
a: no special abilities


You were on level 3 of the Dungeon.
You visited 1 branch of the dungeon, and saw 3 of its levels.

You collected 83 gold pieces.


Innate Abilities, Weirdness & Mutations

You are immune to sickness and miasma.
Your stone body is resilient. (AC +4)
You are immune to poison.
You resist negative energy. (rN+)
You are resistant to electric shocks. (rElec)
You are resistant to unholy torment.
You are immune to petrification.


   Skills:
 + Level 3.0 Fighting
 - Level 6.1 Ranged Weapons
 - Level 1.9 Armour
 - Level 1.5 Dodging
 - Level 1.1 Stealth


You had 4 spell levels left.
You didn't know any spells.
Your spell library was empty.

Inventory:

Hand Weapons
 Y - a +0 shortbow (weapon)
Armour
 i - a +0 ring mail (worn)
Potions
 a - a potion of heal wounds {unknown}
 d - a potion of cancellation
 e - a potion of lignification {unknown}
 h - a potion of attraction {unknown}

Dungeon Overview and Level Annotations

Branches:
Dungeon (3/15)

Altars:
Uskayaw
Xom

Shops:
D:2 (

Annotations:
D:3 Grinder


Message History

Enter note:
Enter note:
2109 ||| FLEEEEING.
There is a stone staircase leading up here.
2115 ||| STAIRDANCE You climb upwards.
There is a stone staircase leading down here.
You start resting.
HP restored.
Done exploring.
(D) Dungeon
Where to? (* - list waypoints, Enter - D:3, ? - help)
What level of the Dungeon? (default 1, ? - help)
You climb downwards.
Level annotation: Grinder
There is a stone staircase leading up here.
Grinder is nearby!
You shoot an arrow. The arrow hits Grinder!
Grinder is severely wounded.
Grinder blinks!
Grinder is nearby!
You shoot an arrow. The arrow hits Grinder.
Grinder is almost dead.
Grinder barely misses you. Grinder hits you!
You writhe in agony.
You shoot an arrow. The arrow hits Grinder.
Grinder is almost dead.
Grinder hits you.
You shoot an arrow. The arrow hits Grinder.
Grinder is almost dead.
Grinder hits you.
You writhe in agony.
You shoot an arrow. The arrow closely misses Grinder.
Grinder gestures at you. You resist with significant effort.
You shoot an arrow. The arrow closely misses Grinder.
Grinder hits you.
You writhe in agony.
Grinder closely misses you.
You shoot an arrow. The arrow closely misses Grinder.
Grinder gestures at you.
You suddenly lose the ability to move!
Grinder hits you!
You die...

.# #.##5#.##.# .#
#.##.#.##.#
.#############.#....##.#
.........(..........##.#
##############.###.###.#####
#.# #.# #.#...## #.###.#
#......# #.5...#
#......##### #.#@###
##.........# #.#.#
##........#
#.#.########......#.
#...<........#...#..
##..##########..#...
##..##### ######...#
#...#....##...#....#
##..#.#......#..#... ###
#..#..#....#....#..


You could see Grinder.

Vanquished Creatures
  Ijyb (D:3)
  Natasha (D:1)
  7 adders
  9 ball pythons
  7 bats
  8 endoplasms
  3 giant cockroaches
  4 goblins
  6 hobgoblins
  8 jackals
  4 quokkas
  2 frilled lizards
  7 kobolds
  8 rats
75 creatures vanquished.

Notes
Turn   | Place    | Note
-------+----------+-------------------------------------------
     0 | D:1      | qw the Gargoyle Hunter began the quest for the Orb.
     0 | D:1      | Reached XP level 1. HP: 12/12 MP: 1/1
     0 | D:1      | 0 ||| qw: Version: 0.2-a-29-g511e9b1
     0 | D:1      | 0 ||| qw: Game counter: 5817
     0 | D:1      | 0 ||| qw: Always use a shield: true
     0 | D:1      | 0 ||| qw: God list: Okawaru
     0 | D:1      | 0 ||| qw: Allow faded altars: false
     0 | D:1      | 0 ||| qw: Do Orc after D:15 true
     0 | D:1      | 0 ||| qw: Do second Lair branch before Depths: true
     0 | D:1      | 0 ||| qw: Lair rune preference: random
     0 | D:1      | 0 ||| qw: Plans: Normal, Zot:1-4, Slime:5, God:TSO, Crypt,
                  | Tomb, Abyss, Pan, Hells, Win
     0 | D:1      | 0 ||| PLANNING D:1-11
     4 | D:1      | Noticed a naga
     6 | D:1      | Noticed a merfolk
     7 | D:1      | Noticed a felid
     9 | D:1      | Noticed a demigod
    11 | D:1      | Noticed a barachi
    13 | D:1      | Noticed a formicid
    13 | D:1      | Noticed a tengu
    15 | D:1      | Noticed a tengu
    17 | D:1      | Noticed an ogre
    19 | D:1      | Noticed an ogre
    19 | D:1      | Noticed an elf
    21 | D:1      | Noticed a demonspawn
    42 | D:1      | Reached XP level 2. HP: 17/17 MP: 2/2
    76 | D:1      | HP: 3/17 [frozen (4)]
    82 | D:1      | HP: 4/17 [bat (1)]
   358 | D:1      | Reached XP level 3. HP: 21/21 MP: 3/3
   388 | D:1      | Reached skill level 5 in Ranged Weapons
   661 | D:1      | 661 ||| UPGRADING to +0 ring mail.
   671 | D:1      | 671 ||| DROPPING +0 leather armour.
   672 | D:1      | 672 ||| READING scroll labelled OGIKHI FEACS.
   673 | D:1      | 673 ||| READING scroll labelled APSIET SIF.
   674 | D:1      | 674 ||| READING scroll labelled OMPAPE YHIGGO.
   675 | D:1      | 675 ||| DRINKING 2 sapphire potions.
   676 | D:1      | 676 ||| DROPPING scroll of butterflies.
   690 | D:2      | Noticed Natasha
   693 | D:2      | 693 ||| STAIRDANCE
   693 | D:2      | HP: 3/22 [Natasha/magic dart (9)]
   776 | D:2      | 776 ||| STAIRDANCE
   840 | D:2      | 840 ||| STAIRDANCE
   849 | D:1      | Killed Natasha
   850 | D:1      | Reached skill level 1 in Armour
   850 | D:1      | Reached XP level 4. HP: 13/27 MP: 4/4
   997 | D:2      | Reached skill level 3 in Fighting
  1010 | D:2      | Found a faded altar of an unknown god.
  1016 | D:2      | Found a shimmering altar of Xom.
  1156 | D:2      | Reached XP level 5. HP: 32/32 MP: 5/5
  1291 | D:2      | Found Juokhli's Antique Weapon Shoppe.
  1300 | D:2      | 1300 ||| SHOPLISTING glowing shortbow (102 gold, have 12).
  1459 | D:2      | 1459 ||| READING scroll labelled OCEAHY XEILU.
  1460 | D:2      | 1460 ||| READING scroll labelled JUPYSO CEMOES.
  1461 | D:2      | 1461 ||| READING scroll labelled USEH LIJAG.
  1462 | D:2      | 1462 ||| DRINKING 2 purple potions.
  1463 | D:2      | 1463 ||| DRINKING 3 silvery potions.
  1471 | D:2      | 1471 ||| DROPPING potion of enlightenment.
  1472 | D:2      | 1472 ||| DROPPING 2 potions of ambrosia.
  1711 | D:3      | Noticed Ijyb
  1721 | D:3      | Killed Ijyb
  1722 | D:3      | Reached skill level 6 in Ranged Weapons
  1726 | D:3      | 1726 ||| FLEEEEING.
  1840 | D:3      | Noticed Grinder
  1841 | D:3      | Found a hide-covered altar of Uskayaw.
  1851 | D:3      | HP: 3/32 [Grinder (9)]
  1858 | D:3      | 1858 ||| FLEEEEING.
  1862 | D:3      | 1862 ||| FLEEEEING.
  1863 | D:3      | 1863 ||| FLEEEEING.
  1865 | D:3      | 1865 ||| FLEEEEING.
  1867 | D:3      | 1867 ||| FLEEEEING.
  1872 | D:3      | 1872 ||| STAIRDANCE
  1974 | D:2      | 1974 ||| READING scroll labelled MIYGGE MYCUDA.
  1975 | D:2      | 1975 ||| READING scroll labelled ARICINL MAYDAU.
  2074 | D:3      | Paralysed by Grinder for 4 turns
  2099 | D:3      | 2099 ||| FLEEEEING.
  2102 | D:3      | 2102 ||| FLEEEEING.
  2103 | D:3      | 2103 ||| FLEEEEING.
  2104 | D:3      | 2104 ||| FLEEEEING.
  2109 | D:3      | 2109 ||| FLEEEEING.
  2115 | D:3      | 2115 ||| STAIRDANCE
  2179 | D:3      | HP: 8/32 [Grinder (2)]
  2181 | D:3      | HP: 2/32 [Grinder (2)]
  2182 | D:3      | Paralysed by Grinder for 5 turns
  2183 | D:3      | Mangled by Grinder

Levels and vault maps discovered:
D:1:      shiori_arrival_whats_in_store_for_you, layout_rooms,
          chequers_serial_rivers_large_b, minmay_3d_cube
D:2:      layout_rooms, basic_ecumenical_altar, basic_altar, serial_shops,
          nicolae_shop_dealshenge, minmay_crystal_water, minmay_snake_closets,
          uniq_natasha
D:3:      layout_loops_ring, vehumet_statue, amcnicky_altar_gilded, st_stairs_7,
          hangedman_decor_slide_cut, uniq_ijyb, uniq_grinder

Skill      XL: |  1  2  3  4  5 |
---------------+----------------+-----
Ranged Weapons | 5 6 |  6.1
Armour         | 1 |  1.9
Fighting       | 3 |  3.0
Dodging        | |  1.5
Stealth        | |  1.1

Action                     |  1- 3 |  4- 6 || total
---------------------------+-------+-------++-------
   Fire: Shortbow          |   106 |   182 ||   288
    Use: Scroll            |     3 |     5 ||     8
         Potion            |     1 |     2 ||     3
 Armour: Leather armour    |    24 |       ||    24
         Ring mail         |     7 |    45 ||    52
  Dodge: Dodged            |    40 |    58 ||    98

Table legend:
 A = Non-vault XP
 B = Vault XP
 C = Vault XP percentage of total XP
 D = Non-vault monster count
 E = Vault monster count
 F = Vault count percentage of total count
                 A         B        C        D         E       F
            +---------+---------+-------+---------+---------+-------
      Total |     128 |     144 |  52.9 |      62 |      13 |  17.3
            +---------+---------+-------+---------+---------+-------
        D:1 |      53 |      35 |  39.8 |      30 |       1 |   3.2
        D:2 |      54 |      72 |  57.1 |      26 |      10 |  27.8
        D:3 |      21 |      37 |  63.8 |       6 |       2 |  25.0
            +---------+---------+-------+---------+---------+-------
